 Dungeon Crawl Stone Soup version 0.24-a0-201-gf205589 (console) character file.

Game seed: 1641338828927268475

375 bli the Magician (level 6, 0/48 HPs)
             Began as a Draconian Earth Elementalist on Mar 25, 2019.
             Slain by Blork the orc
             ... wielding a +3 halberd of pain
              (2 damage)
             ... on level 4 of the Dungeon.
             The game lasted 00:08:31 (2638 turns).

bli the Magician (Draconian Earth Elementalist)     Turns: 2638, Time: 00:08:31

Health: 0/48       AC:  6    Str: 11    XL:     6   Next: 44%
Magic:  7/14       EV: 12    Int: 16    God:
Gold:   139        SH:  0    Dex: 12    Spells: 7/16 levels left

rFire    . . .     SeeInvis .   v - +0 long sword
rCold    . . .     Gourm    .   (no shield)
rNeg     . . .     Faith    .   (armour unavailable)
rPois    .         Spirit   .   (helmet restricted)
rElec    .         Reflect  .   (no cloak)
rCorr    .         Harm     .   (no gloves)
MR       .....     Rnd*Tele +   (no boots)
Stlth    ++........             (no amulet)
HPRegen  0.16/turn              f - ring of teleportation (curse)
MPRegen  0.14/turn              (no ring)

@: no status effects
A: unfitting armour, cold-blooded, AC +6
a: no special abilities


You were on level 4 of the Dungeon.
You were not hungry.

You visited 1 branch of the dungeon, and saw 4 of its levels.

You collected 139 gold pieces.

Inventory:

Hand Weapons
 d - a +0 spear
 v - a +0 long sword (weapon)
Missiles
 b - 65 stones (quivered)
 i - 45 sling bullets
 p - 2 tomahawks
Armour
 q - a +0 shield
 x - a +0 pair of gloves
Jewellery
 f - a cursed ring of teleportation (left hand)
 t - an uncursed ring of wizardry {unknown}
Scrolls
 a - 2 scrolls of immolation {unknown}
 g - 2 scrolls of identify {unknown}
 k - 2 scrolls of teleportation {unknown}
 n - a scroll of blinking {unknown}
 r - 2 scrolls of fear {unknown}
 u - a scroll of fog {unknown}
Potions
 e - 4 potions of curing {unknown}
 h - a potion of ambrosia {unknown}
 j - 2 potions of might {unknown}
 l - a potion of degeneration {unknown}
 m - 2 potions of heal wounds {unknown}
 o - a potion of berserk rage {unknown}
 s - a potion of cancellation {unknown}
 w - a potion of flight {unknown}
Comestibles
 c - 9 rations
 z - 7 chunks of flesh


   Skills:
 + Level 2.0 Fighting
 + Level 1.9 Dodging
 - Level 1.7 Stealth
 + Level 5.8 Spellcasting
   Level 1.0 Transmutations
 + Level 3.4 Earth Magic


You had 7 spell levels left.
You knew the following spells:

 Your Spells              Type           Power        Failure   Level  Hunger
a - Stone Arrow           Conj/Erth      ##....       21%         3    ##.....
b - Sandblast             Erth           ###...       3%          1    None
l - Lee's Rapid Deconstr  Erth           ###.......   67%         5    ######.

Your spell library contained the following spells:

 Spells                   Type           Power        Failure   Level  Hunger
 Passwall                 Tmut/Erth      ##......     9%          2    #......
 Petrify                  Tmut/Erth      ##......     50%         4    ####...


Dungeon Overview and Level Annotations

Branches:
Dungeon (4/15)
 Temple: D:4-7

Altars:
Okawaru
Sif Muna

Annotations:
D:1 1 runed translucent door
D:4 Blork the orc


Innate Abilities, Weirdness & Mutations

Your plain brown scales are hard. (AC +6)
You cannot fit into any form of body armour.
You are cold-blooded and may be slowed by cold attacks.


Message History

Blork the orc barely misses you.
You riposte.
You closely miss Blork the orc.
Blork the orc is heavily wounded.
You closely miss Blork the orc.
Blork the orc is heavily wounded.
Blork the orc hits you with a +3 halberd of pain.
* * * LOW HITPOINT WARNING * * *
Casting: Sandblast (safe; 3% risk of failure)
Confirm with . or Enter, or press ? or * to list all spells.
Aiming: Sandblast (safe; 3% risk of failure)
Press: ? - help, Shift-Dir - straight line, f/p - Blork the orc
Aim: Blork the orc, wielding a +3 halberd of pain and wearing a +0 robe (heavily wounded, fast)
The blast of sand hits Blork the orc!
Blork the orc is almost dead.
b - 65 stones Blork the orc misses you.
You riposte.
You barely miss Blork the orc.
Blork the orc is almost dead.
Blork the orc hits you with a +3 halberd of pain.
* * * LOW HITPOINT WARNING * * *
You writhe in agony.
You die...

..#### ####.## #.#####
#.# ......# #.# ......#
#.######## ......#
#........# ......#
##........# ......##
#.........# .......#
#....###### .......#
#....#
##...#.####[####.###
##...........# #@#
##.....##.##.# #o#
##.....# ##. #g# #######
#g# #g# s.. # .. #.# ...
..###.##.# ... #......#.#
... #......#.# .[.
#........# ### ### ...
#........#####<####.##...
#.......>.)....o.........


You could see Blork the orc and 2 goblins.

Vanquished Creatures
  Menkaure (D:4)
  An ogre (D:4)
  A scorpion (D:4)
  An iguana (D:4)
  A worker ant (D:4)
  Robin (D:4)
  2 adders
  2 worms (D:2)
  A leopard gecko (D:2)
  5 orcs
  3 giant cockroaches (D:2)
  2 goblins
  3 hobgoblins
  2 quokkas
  A ball python skeleton (D:4)
  5 bats
  2 frilled lizards
  A jackal skeleton (D:4)
  6 rats
41 creatures vanquished.

Notes
Turn   | Place    | Note
-------+----------+-------------------------------------------
     0 | D:1      | bli the Draconian Earth Elementalist began the quest for
                  | the Orb.
     0 | D:1      | Reached XP level 1. HP: 14/14 MP: 3/3
     1 | D:1      | Found a runed translucent door.
   941 | D:2      | Reached XP level 2. HP: 20/20 MP: 0/5
  1023 | D:2      | Reached skill level 3 in Spellcasting
  1143 | D:2      | Reached XP level 3. HP: 23/26 MP: 2/7
  2102 | D:4      | Reached skill level 1 in Fighting
  2102 | D:4      | Reached skill level 4 in Spellcasting
  2102 | D:4      | Reached XP level 4. HP: 7/35 MP: 0/10
  2108 | D:4      | Learned a level 3 spell: Stone Arrow
  2358 | D:4      | Noticed Menkaure
  2363 | D:4      | Killed Menkaure
  2363 | D:4      | Reached skill level 5 in Spellcasting
  2363 | D:4      | Reached XP level 5. HP: 21/41 MP: 4/12
  2418 | D:4      | Found an iron altar of Okawaru.
  2418 | D:4      | Found a deep blue altar of Sif Muna.
  2489 | D:4      | Noticed an ogre
  2517 | D:4      | Killed an ogre
  2517 | D:4      | Reached XP level 6. HP: 32/48 MP: 5/14
  2529 | D:4      | Learned a level 5 spell: Lee's Rapid Deconstruction
  2585 | D:4      | Noticed Robin
  2588 | D:4      | Killed Robin
  2600 | D:4      | Noticed Blork the orc
  2637 | D:4      | HP: 2/48 [Blork the orc/+3 halberd of pain (3)]
  2638 | D:4      | Slain by Blork the orc

Levels and vault maps discovered:
D:1:      dpeg_arrival_caged_fury, layout_loops_ring, serial_bayou,
          serial_bayou_pond_a, serial_bayou_ford_a, serial_bayou_shore_b,
          serial_bayou_shore_a
D:2:      layout_rooms
D:3:      layout_basic, first_ration
D:4:      layout_basic, overflow_temple_1_default, lemuel_round_altar,
          chequers_temple_overflow_statue_of_worship, uniq_robin, uniq_menkaure,
          uniq_blork_the_orc

Skill      XL: |  1  2  3  4  5 |
---------------+----------------+-----
Spellcasting   | 3 4 5 |  5.8
Fighting       | 1 2 |  2.0
Dodging        | |  1.9
Stealth        | |  1.7
Transmutations | |  1.0
Earth Magic    | |  3.4

Action                   |  1- 3 |  4- 6 || total
-------------------------+-------+-------++-------
Melee: Spear             |    89 |    10 ||    99
       Unarmed           |     3 |       ||     3
       Tailslap          |     3 |     4 ||     7
       Long sword        |       |     7 ||     7
Throw: Stone             |       |     1 ||     1
 Cast: Sandblast         |    27 |    23 ||    50
       Stone Arrow       |       |     3 ||     3
 Stab: Sleeping          |     3 |     1 ||     4
  Eat: Chunk             |     4 |     2 ||     6
Armor: Skin              |    27 |     4 ||    31
Dodge: Dodged            |    51 |    15 ||    66
       Rpst.: Long sword |       |     7 ||     7

Table legend:
 A = Non-vault XP
 B = Vault XP
 C = Vault XP percentage of total XP
 D = Non-vault monster count
 E = Vault monster count
 F = Vault count percentage of total count
                 A         B        C        D         E       F
            +---------+---------+-------+---------+---------+-------
      Total |     353 |     183 |  34.1 |      38 |       3 |   7.3
            +---------+---------+-------+---------+---------+-------
        D:1 |       5 |       0 |   0.0 |       4 |       0 |   0.0
        D:2 |      42 |       2 |   4.5 |      14 |       1 |   6.7
        D:3 |      30 |       0 |   0.0 |       9 |       0 |   0.0
        D:4 |     276 |     181 |  39.6 |      11 |       2 |  15.4
            +---------+---------+-------+---------+---------+-------
